 Dungeon Crawl Stone Soup version 0.29-a0-330-g52719c12eb (webtiles) character file.

Game seed: 5667087054997827616

33933 kae the Cruncher (level 13, -10/104 HPs)
             Began as a Demigod Ice Elementalist on Apr 23, 2022.
             Killed from afar by a lindwurm (22 damage)
             ... with a blast of flame
             ... on level 5 of the Lair of Beasts.
             The game lasted 00:19:37 (21506 turns).

kae the Cruncher (Demigod Ice Elementalist)        Turns: 21506, Time: 00:19:38

Health: -10/104    AC: 15    Str: 19    XL:     13   Next: 10%
Magic:  22/26      EV: 14    Int: 29    God:
Gold:   1282       SH:  5    Dex: 10    Spells: 9/24 levels left

rFire   . . .      SeeInvis .   E - staff of cold
rCold   + + .      Faith    .   (no shield)
rNeg    . . .      Spirit   .   a - +0 robe
rPois   +          Reflect  +   t - +2 helmet
rElec   .          Harm     .   A - +2 cloak {rPois}
rCorr   .          Rampage  .   e - +0 pair of gloves
Will    +....                   s - +4 pair of boots "Zebuv" {rPois rC+ Dex-4}
Stlth   ++........              C - amulet of reflection
HPRegen 0.27/turn               h - ring of wizardry
MPRegen 0.20/turn               K - +6 ring of strength

@: no status effects
A: high MP 1, forlorn, divine attributes
a: no special abilities


You were on level 5 of the Lair of Beasts.
You visited 2 branches of the dungeon, and saw 15 of its levels.

You collected 1405 gold pieces.
You spent 123 gold pieces at shops.

Inventory:

Hand Weapons
 z - a +2 whip of venom
Missiles
 i - 3 throwing nets
Armour
 a - a +0 robe (worn)
 e - a +0 pair of gloves (worn)
 s - the +4 pair of boots "Zebuv" (worn) {rPois rC+ Dex-4}
   (You acquired it on level 5 of the Dungeon)

   Dex:       It affects your dexterity (-4).
   rC:        It protects you from cold.
   rPois:     It protects you from poison.
 t - a +2 helmet (worn)
 A - a +2 cloak of poison resistance (worn)
Magical Staves
 y - a staff of air
 E - a staff of cold (weapon)
Jewellery
 h - a ring of wizardry (left hand)
 C - an amulet of reflection (around neck)
 K - a +6 ring of strength (right hand)
 N - a +6 ring of dexterity
 O - a ring of positive energy
Wands
 u - a wand of flame (6)
 B - a wand of digging (5)
 F - a wand of paralysis (8)
 J - a wand of mindburst (17)
 L - a wand of polymorph (3)
Scrolls
 d - 2 scrolls of teleportation
 m - 2 scrolls of fear
 x - 5 scrolls of identify
 G - a scroll of enchant weapon
 H - a scroll of summoning
 I - a scroll of fog
 M - a scroll of amnesia
Potions
 b - 4 potions of magic
 c - a potion of curing
 f - a potion of heal wounds
 g - 2 potions of attraction
 j - 3 potions of flight
 k - 3 potions of haste
 l - 3 potions of brilliance
 n - a potion of degeneration
 o - 3 potions of might
 p - 4 potions of berserk rage
 q - 3 potions of invisibility
 v - 4 potions of lignification
 w - 2 potions of ambrosia
 D - a potion of mutation


   Skills:
 * Level 6.9 Fighting
 - Level 10.3 Staves
 - Level 5.0 Armour
 - Level 7.0 Dodging
 - Level 2.1 Stealth
 - Level 6.0 Spellcasting
 - Level 6.0 Conjurations
 - Level 5.0 Necromancy
 - Level 10.0 Ice Magic
 - Level 7.0 Evocations


You had 9 spell levels left.
You knew the following spells:

 Your Spells              Type           Power      Damage    Failure   Level
a - Freeze                Ice            100%       1d11      1%          1
b - Frozen Ramparts       Ice            100%       1d12      1%          3
c - Ozocubu's Armour      Ice            79%        N/A       1%          3
d - Hailstorm             Conj/Ice       70%        3d15      1%          4
e - Anguish               Hex/Necr       11%        N/A       9%          4

Your spell library contained the following spells:

 Spells                   Type           Power      Damage    Failure   Level
 Pain                     Necr           100%       1d9       1%          1
 Ensorcelled Hibernation  Hex/Ice        100%       N/A       1%          2
 Sublimation of Blood     Necr           37%        N/A       1%          2
 Vampiric Draining        Necr           37%        2d8       1%          3
 Slow                     Hex            32%        N/A       2%          1
 Wereblood                Tmut           8%         N/A       3%          2
 Confusing Touch          Hex            8%         N/A       7%          3
 Spider Form              Tmut/Pois      8%         N/A       7%          3
 Agony                    Necr           37%        N/A       9%          5
 Excruciating Wounds      Necr           18%        N/A       9%          5
 Metabolic Englaciation   Hex/Ice        27%        N/A       9%          5
 Simulacrum               Ice/Necr       33%        N/A       16%         6
 Summon Hydra             Summ           4%         N/A       100%        7


Dungeon Overview and Level Annotations

Branches:
Dungeon (10/15)            Temple (0/1) D:7            Lair (5/6) D:8
  Swamp (0/4) Lair:2        Snake (0/4) Lair:4
  Slime: Lair:5-6       Orc: D:9-12

Shops:
D:4 !*

Annotations:
D:5 3 runed translucent doors, blacksnow's ghost, novice MiBe
D:9 exclusion: door


Innate Abilities, Weirdness & Mutations

You have an increased reservoir of magic. (+10% MP)
You shall have no god before yourself.
Your divine heritage dramatically boosts your attributes as you level up.


Message History

Aiming: Freeze (safe; 1% risk of failure)
Press: ? - help, Shift-Dir - straight line, f - lindwurm
Aim: a lindwurm (heavily wounded, catching its breath)
You feel a surge of power!
You freeze the lindwurm!
The lindwurm is severely wounded.
You hear a loud, deep croak!
You hear a bellow! x3
The lindwurm misses you. The lindwurm barely misses you.
You block the lindwurm's attack.
Casting: Freeze (safe; 1% risk of failure)
Confirm with . or Enter, or press ? or * to list all spells.
Aiming: Freeze (safe; 1% risk of failure)
Press: ? - help, Shift-Dir - straight line, f/p - lindwurm
Aim: a lindwurm (severely wounded)
You feel a surge of power!
You freeze the lindwurm!
The lindwurm is severely wounded.
The lindwurm breathes flames at you. The blast of flame hits you!!
* * * LOW HITPOINT WARNING * * *
Casting: Freeze (safe; 1% risk of failure)
Confirm with . or Enter, or press ? or * to list all spells.
Aiming: Freeze (safe; 1% risk of failure)
Press: ? - help, Shift-Dir - straight line, f/p - lindwurm
Aim: a lindwurm (severely wounded, catching its breath)
You feel a surge of power!
You freeze the lindwurm.
The lindwurm is almost dead.
The lindwurm bites you.
* * * LOW HITPOINT WARNING * * *
The lindwurm claws you!
* * * LOW HITPOINT WARNING * * *
The lindwurm closely misses you.
Casting: Freeze (safe; 1% risk of failure)
Confirm with . or Enter, or press ? or * to list all spells.
Aiming: Freeze (safe; 1% risk of failure)
Press: ? - help, Shift-Dir - straight line, f/p - lindwurm
Aim: a lindwurm (almost dead)
You feel a surge of power!
You freeze the lindwurm!
The lindwurm is almost dead.
The lindwurm breathes flames at you. The blast of flame hits you!!
You die...

#.#.............#
##.......<.......
###.PP.......P#..
#.##.......P....##
#.................
#.####.#############
#.♣.♣.# ♣.♣.♣
#.♣@♣?# #♣k♣.♣# #.♣
♣.# ## ##


You could see a lindwurm (catching breath).

Vanquished Creatures
  Harold (D:9)
  A boulder beetle (D:6)
  2 two-headed ogres (D:10)
  6 death yaks (Lair:4)
  A bog body (Lair:2)
  A necromancer (D:9)
  An oklob plant (Lair:4)
  An ugly thing (D:6)
  A manticore (Lair:4)
  6 elephants (Lair:4)
  A cyclops (D:6)
  3 black mambas
  Maggie (D:10)
  6 cane toads
  5 rime drakes
  6 komodo dragons
  3 polar bears
  A troll (D:10)
  12 blink frogs
  Sigmund (D:3)
  A shadow (D:8)
  33 yaks
  11 wyverns
  4 basilisks
  2 steam dragons
  Edmund (D:5)
  3 nagas (Lair:4)
  10 water moccasins
  4 black bears
  3 orc warriors
  An ice beast (D:6)
  A sky beast (D:6)
  4 ogres
  6 wolves (Lair:3)
  4 centaurs
  A phantom (D:6)
  3 kobold brigands
  2 gnoll sergeants
  5 bullfrogs
  3 necrophages
  4 scorpions
  6 wights
  19 killer bees
  2 howler monkeys
  5 hounds
  A jelly (D:6)
  7 orc priests
  2 iguanas (D:4)
  9 hell rats (Lair:4)
  3 orc wizards
  3 polar bear simulacra (D:9)
  A wolf simulacrum (D:9)
  6 adders
  14 gnolls
  A white imp (D:4)
  4 dart slugs
  15 orcs
  2 endoplasms
  3 giant cockroaches
  10 hobgoblins
  11 jackals
  20 kobolds
  3 quokkas
  8 ball pythons
  10 bats
  4 frilled lizards (D:3)
  8 goblins
  9 rats
  A river rat simulacrum (D:9)
353 creatures vanquished.

Vanquished Creatures (others)
  A rime drake (Lair:4)
  A wyvern (Lair:4)
  A hell rat (Lair:4)
  An orc wizard (D:8)
  A bat (D:1)
  43 fungi
  124 plants
172 creatures vanquished.

Grand Total: 525 creatures vanquished

Notes
Turn   | Place    | Note
-------+----------+-------------------------------------------
     0 | D:1      | kae the Demigod Ice Elementalist began the quest for the
                  | Orb.
     0 | D:1      | Reached XP level 1. HP: 14/14 MP: 5/5
   322 | D:1      | Reached XP level 2. HP: 17/20 MP: 1/7
   751 | D:1      | Reached XP level 3. HP: 8/27 MP: 2/8
  1201 | D:2      | Learned a level 3 spell: Frozen Ramparts
  1244 | D:2      | Noticed a scorpion
  1255 | D:2      | Killed a scorpion
  1256 | D:2      | Reached skill level 1 in Fighting
  1256 | D:2      | Reached XP level 4. HP: 20/35 MP: 2/10
  1474 | D:2      | Learned a level 3 spell: Ozocubu's Armour
  1742 | D:2      | Identified the +0 ring mail of Tifaqes {Rampage Will+
                  | Dex+4}
  2652 | D:3      | Reached XP level 5. HP: 40/41 MP: 7/11
  3007 | D:3      | Reached skill level 5 in Ice Magic
  3071 | D:3      | Noticed Sigmund
  3083 | D:3      | Killed Sigmund
  3084 | D:3      | Reached XP level 6. HP: 12/50 MP: 7/13
  3434 | D:3      | Learned a level 4 spell: Hailstorm
  3555 | D:4      | Found Vaynubo's General Store.
  3563 | D:4      | Bought a potion of degeneration for 13 gold pieces
  4005 | D:4      | Reached skill level 1 in Conjurations
  4099 | D:4      | Found Macsefy's Distillery.
  4129 | D:4      | Bought a potion of berserk rage for 55 gold pieces
  4129 | D:4      | Bought a potion of heal wounds for 55 gold pieces
  4270 | D:5      | Entered Level 5 of the Dungeon
  4272 | D:5      | Identified a scroll of acquirement
  4272 | D:5      | Acquired the +4 pair of boots "Zebuv" {rPois rC+ Dex-4}
  4291 | D:5      | Noticed Edmund
  4304 | D:4      | Reached XP level 7. HP: 52/57 MP: 1/15
  4410 | D:5      | Killed Edmund
  4561 | D:5      | Noticed blacksnow's ghost (novice MiBe)
  4869 | D:5      | Found a runed translucent gate.
  4869 | D:5      | Found a runed translucent gate.
  4870 | D:5      | Found a runed translucent gate.
  5472 | D:6      | Reached XP level 8. HP: 66/66 MP: 9/17
  5957 | D:6      | Noticed a boulder beetle
  5977 | D:6      | Killed a boulder beetle
  6354 | D:6      | Noticed a purple ugly thing
  6359 | D:6      | Reached skill level 5 in Spellcasting
  6482 | D:6      | Reached XP level 9. HP: 73/73 MP: 16/20
  6590 | D:6      | Reached skill level 5 in Fighting
  6785 | D:6      | Killed a purple ugly thing
  7235 | D:6      | Noticed a cyclops
  7245 | D:6      | Killed a cyclops
  7246 | D:6      | Reached skill level 5 in Conjurations
  8494 | D:7      | Found a staircase to the Ecumenical Temple.
  8970 | D:7      | Reached skill level 1 in Staves
  8970 | D:7      | Reached XP level 10. HP: 82/83 MP: 14/22
  9115 | D:8      | Found a staircase to the Lair.
  9143 | D:8      | Reached skill level 10 in Ice Magic
  9248 | D:8      | Reached skill level 5 in Staves
 10611 | D:9      | Noticed Harold
 10633 | D:9      | Killed Harold
 10645 | D:9      | Reached XP level 11. HP: 63/89 MP: 14/24
 11921 | D:9      | Noticed a necromancer
 11925 | D:9      | Killed a necromancer
 12443 | D:10     | Entered Level 10 of the Dungeon
 12626 | D:10     | Noticed a two-headed ogre
 12645 | D:10     | Killed a two-headed ogre
 12646 | D:10     | Reached skill level 1 in Evocations
 12846 | D:10     | Noticed a two-headed ogre
 12860 | D:10     | Killed a two-headed ogre
 13007 | D:10     | Noticed Maggie
 13020 | D:10     | Killed Maggie
 13623 | D:8      | HP: 4/89 [shadow (9)]
 13630 | D:8      | HP: 4/89 [shadow (1)]
 14008 | Lair:1   | Entered Level 1 of the Lair of Beasts
 14209 | Lair:1   | Reached skill level 10 in Staves
 15430 | Lair:2   | Learned a level 4 spell: Anguish
 16190 | Lair:2   | Identified the +0 pair of boots of Cocytus {Str+3}
 16471 | Lair:2   | Reached skill level 5 in Dodging
 16566 | Lair:2   | Noticed a bog body
 16567 | Lair:2   | Found a staircase to the Swamp.
 16586 | Lair:2   | Killed a bog body
 16750 | Lair:2   | Reached XP level 12. HP: 96/96 MP: 20/25
 17444 | Lair:3   | Reached skill level 1 in Necromancy
 17787 | Lair:3   | HP: 3/96 [rime drake (4)]
 19113 | Lair:4   | Reached skill level 5 in Necromancy
 19131 | Lair:4   | Reached skill level 5 in Evocations
 19577 | Lair:4   | Found a staircase to the Snake Pit.
 20510 | Lair:4   | Reached skill level 1 in Armour
 20908 | Lair:4   | Reached skill level 5 in Armour
 20908 | Lair:4   | Reached XP level 13. HP: 78/102 MP: 19/26
 21506 | Lair:5   | Killed from afar by a lindwurm

Illustrated notes

Levels and vault maps discovered:
D:1:      saegor_arrival_simple_a, layout_rooms
D:2:      layout_basic, basic_altar, kennysheep_generic_room_12
D:3:      layout_loops_ring, mainiacjoe_overflow_concentric_impassable,
          serial_bayou_lagoon_a, uniq_sigmund
D:4:      layout_loops_ring, serial_shops, nicolae_shop_window_shopping,
          nicolae_shop_stone
D:5:      layout_rooms, gammafunk_ghost_icy, dreamdust_princess_corridor,
          uniq_edmund
D:6:      layout_basic, kb_rosetta
D:7:      layout_loops_ring, mainiacjoe_overflow_big_doors,
          minmay_temple_entry_fiery, minmay_door_square
D:8:      layout_loops_ring, gammafunk_temple_overflow_elements,
          due_lair_maze_entry_diamond, minmay_fractal_squares_gapless_5
D:9:      layout_basic, nicolae_sif_muna_condensation,
          nicolae_elyvilon_peaceful_grove, eino_house_with_fridge, uniq_harold
D:10:     layout_roguey, chequers_serial_rivers_micro_b, uniq_maggie
Lair:1:   layout_cave_pods, dreamdust_deal_with_the_devil, grunt_megastairs_1
Lair:2:   layout_cave_pods, skrybe_swamp_entry_bodies
Lair:3:   layout_cave_pods
Lair:4:   layout_small_grid, minmay_snake_entry_guardpost_small, special_room
          [special_room_mythical_zoo], minivault_24
Lair:5:   nzn_winding_woodlands_large [nzn_winding_woodlands_5x5_default,
          nzn_winding_woodlands_5x15_split_checker,
          nzn_winding_woodlands_5x5_open_star,
          nzn_winding_woodlands_center_lodge,
          nzn_winding_woodlands_15x15_five_gardens,
          nzn_winding_woodlands_center_garden,
          nzn_winding_woodlands_5x5_checkerboard,
          nzn_winding_woodlands_5x15_cabin,
          nzn_winding_woodlands_5x5_perimeter], layout_long_grid,
          lemuel_fruit_fields

Skill      XL: |  1  2  3  4  5  6  7  8  9 10 11 12 |
---------------+-------------------------------------+-----
Stealth        | 2 |  2.1
Dodging        | 2 5 7 |  7.0
Spellcasting   | 2 3 4 5 6 |  6.0
Ice Magic      | 4 5 6 7 8 9 10 | 10.0
Fighting       | 1 2 3 4 6 |  6.9
Conjurations   | 1 2 4 5 6 |  6.0
Staves         | 1 7 10 | 10.3
Evocations     | 3 7 |  7.0
Necromancy     | 5 |  5.0
Armour         | 5 |  5.0

Action                   |  1- 3 |  4- 6 |  7- 9 | 10-12 | 13-15 || total
-------------------------+-------+-------+-------+-------+-------++-------
Melee: Whip              |    39 |    55 |   136 |       |       ||   230
       Punch             |       |       |     2 |    15 |       ||    17
       Staff             |       |       |       |   693 |    13 ||   706
 Cast: Freeze            |    44 |    33 |    64 |   109 |    13 ||   263
       Frozen Ramparts   |     1 |    24 |    38 |    56 |       ||   119
       Hailstorm         |       |     2 |    17 |    20 |     2 ||    41
       Ozocubu's Armour  |       |     1 |    18 |    31 |     1 ||    51
       Anguish           |       |       |       |     5 |       ||     5
Evoke: Wand              |       |       |    13 |    12 |       ||    25
  Use: Scroll            |     1 |     7 |     8 |    12 |       ||    28
       Potion            |       |       |       |     3 |       ||     3
 Stab: Distracted        |       |       |       |     1 |       ||     1
       Sleeping          |       |       |       |     2 |       ||     2
Armor: Robe              |    21 |    22 |    99 |   364 |     6 ||   512
Dodge: Dodged            |    63 |    67 |   114 |   459 |     6 ||   709
Block: Other             |       |       |     3 |   159 |     3 ||   165
       Reflection        |       |       |       |     6 |     1 ||     7

Table legend: (Time is in decaauts)
 A = Elapsed time spent in this place.
 B = Non-inter-level travel time spent in this place.
 C = Inter-level travel time spent in this place.
 D = Time resting spent in this place.
 E = Time spent auto-exploring this place.
 F = Levels seen in this place.
 G = Mean time per level.
                   A        B        C        D        E       F      G
               +--------+--------+--------+--------+--------+-----+--------+
         Total |  21388 |  20719 |    669 |   2655 |  15394 |  15 | 1425.9 |
       Dungeon |  13960 |  13446 |    514 |   1765 |   9708 |  10 | 1396.0 |
          Lair |   7428 |   7274 |    154 |    890 |   5685 |   5 | 1485.6 |
               +--------+--------+--------+--------+--------+-----+--------+

Top non-repeatable levels by time:
     D:6: 2236 daAuts
  Lair:4: 2163 daAuts
  Lair:3: 1980 daAuts
     D:9: 1913 daAuts
  Lair:2: 1736 daAuts
     D:8: 1727 daAuts
     D:7: 1579 daAuts
  Lair:1: 1396 daAuts
     D:3: 1295 daAuts
     D:1: 1197 daAuts
    D:10: 1058 daAuts
     D:5: 1056 daAuts
     D:2: 990 daAuts
     D:4: 905 daAuts
  Lair:5: 152 daAuts
